 Dungeon Crawl Stone Soup version 0.30-a0-591-g3c58d2bc28 (webtiles) character file.

Game seed: 6903035621605466064

13198 OTABOTABOTAB the Nimble (level 12, -2/109 HPs)
             Began as a Gnoll Transmuter on Jan 4, 2023.
             Was a High Priest of Cheibriados.
             Killed by divine providence
             ... invoked by an orc priest
              (10 damage)
             ... on level 12 of the Dungeon.
             The game lasted 00:24:54 (11094 turns).

OTABOTABOTAB the Nimble (Gnoll Transmuter)         Turns: 11094, Time: 00:24:54

Health: -2/109     AC: 10    Str: 28    XL:     12   Next: 3%
Magic:  33/33      EV: 35    Int: 26    God:    Cheibriados [*****.]
Gold:   580        SH:  0    Dex: 31    Spells: 18/28 levels left

rFire   x . .      SeeInvis .      - Unarmed
rCold   + + +      Faith    .    (shield currently unavailable)
rNeg    . . .      Spirit   .    (body armour currently unavailable)
rPois   +          Reflect  .    (helmet currently unavailable)
rElec   .          Harm     .    (cloak currently unavailable)
rCorr   .          Rampage  .    (gloves currently unavailable)
Will    .....                    (boots currently unavailable)
Stlth   ++++                     a - amulet of the acrobat
HPRegen 0.38/turn                g - ring of magical power {MP+9}
MPRegen 0.23/turn                v - +6 ring of dexterity

@: ice-form, acrobatic, studying Dodging, very slow
A: freezing attack, amphibious, boosted hp, large, (fangs 1), strong nose,
distributed training
a: End Transformation, Renounce Religion, Bend Time, Temporal Distortion,
Slouch, Step From Time


You were on level 12 of the Dungeon.
You worshipped Cheibriados.
Cheibriados was extremely pleased with you.
You were a creature of crystalline ice.
You visited 2 branches of the dungeon, and saw 13 of its levels.

You collected 700 gold pieces.
You spent 120 gold pieces at shops.

Inventory:

Hand Weapons
 h - a +3 whip of electrocution (melded)
   (You took it off a kobold on level 2 of the Dungeon)
Missiles
 c - 43 poisoned darts
 n - a throwing net {!d}
 s - 65 stones (quivered)
Armour
 b - a +0 buckler (melded)
   (You found it on level 10 of the Dungeon)
 d - a +0 helmet (melded)
   (You took it off Robin on level 4 of the Dungeon)
 m - a +0 troll leather armour (melded)
   (You found it on level 6 of the Dungeon)
 o - a +1 cloak (melded)
   (You took it off Crazy Yiuf on level 2 of the Dungeon)
 t - a +1 robe of cold resistance
   (You took it off an orc wizard on level 7 of the Dungeon)
 u - a +1 pair of gloves (melded)
   (You found it on level 3 of the Dungeon)
 x - a +2 robe of fire resistance
   (You found it on level 6 of the Dungeon)
Magical Staves
 q - a staff of conjuration
   (You found it on level 5 of the Dungeon)
Jewellery
 a - an amulet of the acrobat (around neck)
   (You found it on level 9 of the Dungeon)
 f - a ring of fire {rF+, rC-}
   (You took it off an orc on level 4 of the Dungeon)
 g - a ring of magical power (left front paw) {MP+9}
   (You found it on level 1 of the Dungeon)
 v - a +6 ring of dexterity (right front paw)
   (You found it on level 3 of the Dungeon)
Wands
 e - a wand of charming (5)
   (You took it off Maurice on level 8 of the Dungeon)
 i - a wand of iceblast (6)
   (You found it on level 5 of the Dungeon)
 j - a wand of polymorph (15)
   (You took it off Crazy Yiuf on level 2 of the Dungeon)
Scrolls
 r - a scroll of identify {@r1}
 y - 4 scrolls of enchant armour
 z - a scroll of enchant weapon
 D - 3 scrolls of blinking {!r}
 X - a scroll of magic mapping {@r4!r}
Potions
 k - a potion of degeneration {!q}
 l - a potion of might
 p - a potion of cancellation
 w - a potion of attraction {!q}
 B - a potion of brilliance
 G - a potion of ambrosia {!q}
 I - a potion of invisibility
 J - 2 potions of curing {@q1}
 L - 2 potions of flight
 M - 2 potions of magic
 N - 5 potions of heal wounds {@q2}
 P - 6 potions of lignification {!q}
 T - 4 potions of berserk rage {!q}


   Skills:
 + Level 7.6 Fighting
 + Level 7.1 Short Blades
 + Level 7.1 Long Blades
 + Level 7.1 Axes
 + Level 7.1 Maces & Flails
 + Level 7.1 Polearms
 + Level 7.1 Staves
 + Level 7.1 Ranged Weapons
 + Level 7.1 Throwing
 + Level 7.1 Armour
 + Level 10.2 Dodging
 + Level 7.1 Stealth
 + Level 7.1 Shields
 + Level 9.7 Unarmed Combat
 + Level 8.8 Spellcasting
 + Level 5.9 Conjurations
 + Level 5.9 Hexes
 + Level 5.9 Summonings
 + Level 5.9 Necromancy
 + Level 5.9 Translocations
 + Level 7.1 Transmutations
 + Level 5.9 Fire Magic
 + Level 5.9 Ice Magic
 + Level 5.9 Air Magic
 + Level 5.9 Earth Magic
 + Level 5.9 Poison Magic
 + Level 7.8 Invocations
 + Level 7.1 Evocations


You had 18 spell levels left.
You knew the following spells:

 Your Spells              Type           Power      Damage    Failure   Level
a - Beastly Appendage     Tmut           96%        N/A       1%          1
b - Wereblood             Tmut           48%        N/A       1%          2
c - Spider Form           Tmut/Pois      45%        N/A       1%          3
d - Ice Form              Ice/Tmut       45%        N/A       3%          4

Your spell library contained the following spells:

 Spells                   Type           Power      Damage    Failure   Level
 Apportation              Tloc           84%        N/A       1%          1
 Necrotise                Necr           100%       1d9       1%          1
 Sandblast                Erth           84%        2d18      1%          1
 Slow                     Hex            100%       N/A       1%          1
 Summon Small Mammal      Summ           100%       N/A       1%          1
 Blink                    Tloc           84%        N/A       1%          2
 Cigotuvi's Dreadful Rot  Necr/Pois/Air  84%        N/A       1%          2
 Momentum Strike          Conj/Tloc      84%        3d10      1%          2
 Passwall                 Tmut/Erth      37%        N/A       1%          2
 Confusing Touch          Hex            42%        N/A       1%          3
 Lesser Beckoning         Tloc           84%        N/A       1%          3
 Stone Arrow              Conj/Erth      84%        3d12      1%          3
 Vampiric Draining        Necr           42%        2d9       1%          3
 Dispel Undead            Necr           42%        3d17      4%          4
 Summon Lightning Spire   Summ/Air       42%        N/A       4%          4
 Death Channel            Necr           21%        N/A       56%         6
 Storm Form               Tmut/Air       22%        N/A       96%         7
 Maxwell's Capacitive Co  Air            21%        ∞         100%        8


Dungeon Overview and Level Annotations

Branches:
Dungeon (12/15)            Temple (1/1) D:5            Lair (0/5) D:11
    Orc: D:9-12

Altars:
Ashenzari
Cheibriados
Dithmenos
Elyvilon
Fedhas
Hepliaklqana
Kikubaaqudgha
Makhleb
Nemelex Xobeh
Okawaru
Qazlal
Ru
Sif Muna
Trog
Uskayaw
Vehumet
Wu Jian
Xom
Yredelemnul
Zin
The Shining One

Shops:
D:6 :   D:8 ?   D:10 [

Annotations:
D:8 1 runed translucent door, lotum's ghost, novice FoFi
Temple 2 transporters


Innate Abilities, Weirdness & Mutations

You are a creature of crystalline ice.
You have a powerful freezing melee attack.
You are amphibious.
Your maximum health is increased.
Your armour is entirely melded.
You are incapable of wielding weapons or throwing items.
((You have very sharp teeth.))
Your uncanny sense of smell can sniff out nearby items.
Your experience applies equally to all skills.


Message History

MP restored: 32 The orc warrior shouts!
You hit the orc. You freeze the orc.
You hear a shout!
Something hits you but does no damage.
You hit the orc. You freeze the orc.
You kill the orc!
Cheibriados appreciates the change of pace.
Something hits you but does no damage.
The orc hits you from afar with a +0 trident.
Something closely misses you.
You take 4 damage, and have 46/100 hp.
You swing at nothing.
Something hits you. The orc misses you.
You take 6 damage, and have 40/100 hp.
You swing at nothing.
The orc closely misses you.
You swing at nothing.
Something hits you. The orc hits you but does no damage.
You take 2 damage, and have 38/100 hp.
An orc comes into view. It is wielding a +0 short sword.
The orc misses you. The orc warrior barely misses you. Something hits you.
Things that are here:
a +0 club; a potion of flight; an orc corpse You take 2 damage, and have 36/100 hp.
You pummel the orc warrior!! You freeze the orc warrior!
You kill the orc warrior!
Cheibriados appreciates the change of pace.
Something hits you but does no damage. Something hits you.
You have reached level 12!
You feel stronger.
You regained 2 hp, and now have 38/109 hp.
MP restored: 33 You pummel the orc!!
You freeze the orc.
You kill the orc!
Cheibriados thoroughly appreciates the change of pace.
Something hits you but does no damage.
Something completely misses you. x2; Something barely misses you.
You see here a +0 trident. 2 orcs come into view.
An orc is wielding a +2 flail of draining.
Something barely misses you. Something hits you! Something closely misses you.
The orc closely misses you.
The orc moves out of view. x2
Things that are here:
a +0 club; a potion of flight; an orc corpse You take 6 damage, and have 33/109 hp.
You hit something but do no damage. Something closely misses you.
The orc completely misses you. Something misses you. Something hits you!
* * * LOW HITPOINT WARNING * * *
Something hits you.
* * * LOW HITPOINT WARNING * * *
The orc hits you but does no damage.
Items here: ))) [ ††.
You take 7 damage, and have 26/109 hp.
You closely miss something. Something hits you but does no damage.
The orc shouts!
You hit the orc. You freeze the orc.
You kill the orc!
Cheibriados thoroughly appreciates the change of pace.
You hear a shout!
You hear two shouts!
Something barely misses you.
You swing at nothing.
You swing at nothing.
Something hits you!
* * * LOW HITPOINT WARNING * * *
You take 9 damage, and have 18/109 hp.
You swing at nothing.
You barely miss the orc. Something hits you but does no damage.
The orc hits you but does no damage.
You feel drained.
You hit the orc but do no damage. Something hits you but does no damage.
You hit the orc. You freeze the orc. Something hits you.
* * * LOW HITPOINT WARNING * * *
The orc completely misses you.
You take 3 damage, and have 16/108 hp.
You barely miss the orc. Something misses you. The orc misses you.
You pummel the orc!! You freeze the orc.
You kill the orc!
Cheibriados appreciates the change of pace.
Something barely misses you. Something hits you but does no damage.
You pummel the orc!! You freeze the orc.
You kill the orc!
Cheibriados appreciates the change of pace.
Something hits you.
* * * LOW HITPOINT WARNING * * *
You take 5 damage, and have 12/108 hp.
You barely miss something. Something hits you.
* * * LOW HITPOINT WARNING * * *
Something barely misses you. Something hits you.
* * * LOW HITPOINT WARNING * * *
You take 3 damage, and have 9/108 hp.
You pummel something!! You freeze something. Something hits you.
* * * LOW HITPOINT WARNING * * *
You take 4 damage, and have 5/108 hp.
You pummel something!! You freeze something!
Cheibriados thoroughly appreciates the change of pace.
Reactivating autopickup.
You feel a bit more experienced.
Your life force feels restored.
An orc priest comes into view. It is wielding a +0 dagger.
The orc priest calls down the wrath of Beogh upon you.
Beogh smites you!
You die...

# #. ∆
#..############
.............
#.###.......#
#......<#
#...#$..#
#...###.# # ..
#Y# #...#.#)#
#.....))#
#.#.#.### ...
##o .. .. ...


You could see an orc priest.

Vanquished Creatures
  Josephine (D:10)
  A centaur warrior (D:11)
  A two-headed ogre (D:11)
  Nergalle (D:11)
  Pikel (D:6)
  A manticore (D:11)
  Maurice (D:8)
  A gargoyle (D:10)
  2 unseen horrors
  A komodo dragon (D:10)
  3 trolls
  A hornet (D:7)
  2 shadows
  2 vampires (D:10)
  7 wraiths
  3 yaks (D:10)
  Menkaure (D:7)
  3 vampire mosquitoes (D:12)
  Grum (D:9)
  2 steam dragons
  4 acid dragons
  3 orc warriors
  3 ice beasts (D:6)
  2 sky beasts (D:7)
  An ogre (D:7)
  A black bear (D:8)
  3 wolves (D:9)
  2 lemures (D:6)
  5 centaurs
  A phantom (D:6)
  2 kobold brigands
  2 bullfrogs
  A gnoll sergeant (D:9)
  2 scorpions
  6 wights
  17 killer bees
  An electric eel (D:6)
  3 howler monkeys (D:9)
  7 hounds
  Crazy Yiuf (D:2)
  7 orc priests
  3 iguanas (D:6)
  12 orc wizards
  Robin (D:4)
  10 gnolls
  7 adders
  2 white imps
  An ufetubus (D:6)
  A worm (D:2)
  A dart slug (D:3)
  48 orcs
  14 ball pythons
  6 endoplasms
  5 giant cockroaches
  14 goblins
  11 hobgoblins
  11 jackals
  2 quokkas
  2 bats (D:1)
  A frilled lizard (D:3)
  22 kobolds
  3 rats
287 creatures vanquished.

Vanquished Creatures (others)
  An orc wizard (D:7)
  2 orcs (D:7)
3 creatures vanquished.

Grand Total: 290 creatures vanquished

Notes
Turn   | Place    | Note
-------+----------+-------------------------------------------
     0 | D:1      | OTABOTABOTAB the Gnoll Transmuter began the quest for the
                  | Orb.
     0 | D:1      | Reached XP level 1. HP: 17/17 MP: 6/6
   162 | D:1      | Reached XP level 2. HP: 17/23 MP: 5/7
   296 | D:1      | Found a faded altar of an unknown god.
   775 | D:2      | Learned a level 2 spell: Wereblood
   798 | D:2      | Reached skill level 5 in Spellcasting
   798 | D:2      | Reached XP level 3. HP: 28/28 MP: 9/9
   829 | D:2      | Reached skill level 1 in Invocations
   867 | D:2      | Reached skill level 1 in Short Blades
   867 | D:2      | Reached skill level 1 in Long Blades
   867 | D:2      | Reached skill level 1 in Axes
   867 | D:2      | Reached skill level 1 in Maces & Flails
   867 | D:2      | Reached skill level 1 in Polearms
   867 | D:2      | Reached skill level 1 in Staves
   867 | D:2      | Reached skill level 1 in Ranged Weapons
   867 | D:2      | Reached skill level 1 in Throwing
   867 | D:2      | Reached skill level 1 in Armour
   867 | D:2      | Reached skill level 1 in Stealth
   867 | D:2      | Reached skill level 1 in Shields
   867 | D:2      | Reached skill level 1 in Evocations
   876 | D:2      | Reached XP level 4. HP: 34/34 MP: 11/11
   880 | D:2      | Learned a level 3 spell: Spider Form
   885 | D:2      | Learned a level 4 spell: Ice Form
  1209 | D:2      | Found a runed translucent door.
  1210 | D:2      | Noticed Crazy Yiuf
  1223 | D:2      | Killed Crazy Yiuf
  1224 | D:2      | Reached skill level 1 in Conjurations
  1224 | D:2      | Reached skill level 1 in Hexes
  1224 | D:2      | Reached skill level 1 in Summonings
  1224 | D:2      | Reached skill level 1 in Necromancy
  1224 | D:2      | Reached skill level 1 in Translocations
  1224 | D:2      | Reached skill level 1 in Fire Magic
  1224 | D:2      | Reached skill level 1 in Ice Magic
  1224 | D:2      | Reached skill level 1 in Air Magic
  1224 | D:2      | Reached skill level 1 in Earth Magic
  1224 | D:2      | Reached skill level 1 in Poison Magic
  1701 | D:3      | Reached XP level 5. HP: 40/40 MP: 12/12
  2022 | D:3      | Reached skill level 3 in Fighting
  2022 | D:3      | Reached skill level 4 in Transmutations
  2507 | D:4      | Noticed Robin
  2523 | D:4      | Killed Robin
  2525 | D:4      | Reached skill level 2 in Invocations
  2544 | D:4      | Reached skill level 5 in Dodging
  2544 | D:4      | Reached XP level 6. HP: 34/47 MP: 14/14
  2712 | D:4      | Reached skill level 2 in Short Blades
  2712 | D:4      | Reached skill level 2 in Long Blades
  2712 | D:4      | Reached skill level 2 in Axes
  2712 | D:4      | Reached skill level 2 in Maces & Flails
  2712 | D:4      | Reached skill level 2 in Polearms
  2712 | D:4      | Reached skill level 2 in Staves
  2712 | D:4      | Reached skill level 2 in Ranged Weapons
  2712 | D:4      | Reached skill level 2 in Throwing
  2712 | D:4      | Reached skill level 2 in Armour
  2712 | D:4      | Reached skill level 2 in Stealth
  2712 | D:4      | Reached skill level 2 in Shields
  2712 | D:4      | Reached skill level 2 in Evocations
  3166 | D:5      | Entered Level 5 of the Dungeon
  3274 | D:5      | Reached skill level 7 in Unarmed Combat
  3274 | D:5      | Reached XP level 7. HP: 52/52 MP: 15/15
  3402 | D:5      | Found a sacrificial altar of Ru.
  3511 | D:5      | Found a staircase to the Ecumenical Temple.
  3511 | D:5      | Noticed a steam dragon
  3522 | D:5      | Killed a steam dragon
  3523 | D:5      | Reached skill level 2 in Conjurations
  3523 | D:5      | Reached skill level 2 in Hexes
  3523 | D:5      | Reached skill level 2 in Summonings
  3523 | D:5      | Reached skill level 2 in Necromancy
  3523 | D:5      | Reached skill level 2 in Translocations
  3523 | D:5      | Reached skill level 2 in Fire Magic
  3523 | D:5      | Reached skill level 2 in Ice Magic
  3523 | D:5      | Reached skill level 2 in Air Magic
  3523 | D:5      | Reached skill level 2 in Earth Magic
  3523 | D:5      | Reached skill level 2 in Poison Magic
  3529 | Temple   | Entered the Ecumenical Temple
  3529 | Temple   | Found a transporter.
  3529 | Temple   | Found a transporter.
  3606 | Temple   | Found a transporter.
  3606 | Temple   | Found a transporter.
  3631 | Temple   | Became a worshipper of Cheibriados the Contemplative
  3739 | D:5      | Reached skill level 3 in Invocations
  4127 | D:6      | Found Ynauhoreu's Book Shoppe.
  4264 | D:6      | Noticed a troll
  4274 | D:6      | Killed a troll
  4275 | D:6      | Reached skill level 4 in Fighting
  4275 | D:6      | Reached skill level 3 in Short Blades
  4275 | D:6      | Reached skill level 3 in Long Blades
  4275 | D:6      | Reached skill level 3 in Axes
  4275 | D:6      | Reached skill level 3 in Maces & Flails
  4275 | D:6      | Reached skill level 3 in Polearms
  4275 | D:6      | Reached skill level 3 in Staves
  4275 | D:6      | Reached skill level 3 in Ranged Weapons
  4275 | D:6      | Reached skill level 3 in Throwing
  4275 | D:6      | Reached skill level 3 in Armour
  4275 | D:6      | Reached skill level 3 in Stealth
  4275 | D:6      | Reached skill level 3 in Shields
  4275 | D:6      | Reached skill level 6 in Spellcasting
  4275 | D:6      | Reached skill level 3 in Evocations
  4275 | D:6      | Reached XP level 8. HP: 19/60 MP: 17/17
  4651 | D:6      | Noticed Pikel
  4664 | D:6      | Killed Pikel
  4665 | D:6      | Reached skill level 6 in Dodging
  4665 | D:6      | Reached skill level 3 in Conjurations
  4665 | D:6      | Reached skill level 3 in Hexes
  4665 | D:6      | Reached skill level 3 in Summonings
  4665 | D:6      | Reached skill level 3 in Necromancy
  4665 | D:6      | Reached skill level 3 in Translocations
  4665 | D:6      | Reached skill level 5 in Transmutations
  4665 | D:6      | Reached skill level 3 in Fire Magic
  4665 | D:6      | Reached skill level 3 in Ice Magic
  4665 | D:6      | Reached skill level 3 in Air Magic
  4665 | D:6      | Reached skill level 3 in Earth Magic
  4665 | D:6      | Reached skill level 3 in Poison Magic
  4665 | D:6      | Reached skill level 4 in Invocations
  4844 | D:6      | Reached * piety under Cheibriados
  4845 | D:6      | Reached XP level 9. HP: 66/66 MP: 18/18
  4855 | D:6      | Reached skill level 4 in Short Blades
  4855 | D:6      | Reached skill level 4 in Long Blades
  4855 | D:6      | Reached skill level 4 in Axes
  4855 | D:6      | Reached skill level 4 in Maces & Flails
  4855 | D:6      | Reached skill level 4 in Polearms
  4855 | D:6      | Reached skill level 4 in Staves
  4855 | D:6      | Reached skill level 4 in Ranged Weapons
  4855 | D:6      | Reached skill level 4 in Throwing
  4855 | D:6      | Reached skill level 4 in Armour
  4855 | D:6      | Reached skill level 4 in Stealth
  4855 | D:6      | Reached skill level 4 in Shields
  4855 | D:6      | Reached skill level 4 in Evocations
  5305 | D:6      | Reached skill level 5 in Fighting
  5463 | D:6      | Found a burning altar of Makhleb.
  5463 | D:6      | Found an ancient bone altar of Kikubaaqudgha.
  5852 | D:7      | Reached skill level 8 in Unarmed Combat
  5854 | D:7      | HP: 18/81 [orc/iceblast (14)]
  5873 | D:7      | Noticed a troll
  5878 | D:7      | HP: 18/81 [troll (11)]
  5879 | D:7      | Killed a troll
  5880 | D:7      | Reached skill level 5 in Invocations
  6119 | D:7      | Reached ** piety under Cheibriados
  6215 | D:7      | Reached skill level 7 in Dodging
  6215 | D:7      | Reached skill level 7 in Spellcasting
  6463 | D:7      | Noticed Menkaure
  6471 | D:7      | Killed Menkaure
  6472 | D:7      | Reached skill level 4 in Conjurations
  6472 | D:7      | Reached skill level 4 in Hexes
  6472 | D:7      | Reached skill level 4 in Summonings
  6472 | D:7      | Reached skill level 4 in Necromancy
  6472 | D:7      | Reached skill level 4 in Translocations
  6472 | D:7      | Reached skill level 4 in Fire Magic
  6472 | D:7      | Reached skill level 4 in Ice Magic
  6472 | D:7      | Reached skill level 4 in Air Magic
  6472 | D:7      | Reached skill level 4 in Earth Magic
  6472 | D:7      | Reached skill level 4 in Poison Magic
  6729 | D:7      | Noticed a hornet
  6741 | D:7      | Killed a hornet
  6742 | D:7      | Reached skill level 5 in Short Blades
  6742 | D:7      | Reached skill level 5 in Long Blades
  6742 | D:7      | Reached skill level 5 in Axes
  6742 | D:7      | Reached skill level 5 in Maces & Flails
  6742 | D:7      | Reached skill level 5 in Polearms
  6742 | D:7      | Reached skill level 5 in Staves
  6742 | D:7      | Reached skill level 5 in Ranged Weapons
  6742 | D:7      | Reached skill level 5 in Throwing
  6742 | D:7      | Reached skill level 5 in Armour
  6742 | D:7      | Reached skill level 5 in Stealth
  6742 | D:7      | Reached skill level 5 in Shields
  6742 | D:7      | Reached skill level 5 in Evocations
  6742 | D:7      | Reached XP level 10. HP: 62/76 MP: 20/20
  6881 | D:8      | Found Fyoriros's Magic Scroll Emporium.
  6882 | D:8      | Noticed Maurice
  6892 | D:8      | Killed Maurice
  6917 | D:8      | Bought 2 scrolls of identify for 48 gold pieces
  6917 | D:8      | Bought a scroll of identify for 24 gold pieces
  6917 | D:8      | Bought a scroll of identify for 24 gold pieces
  6917 | D:8      | Bought a scroll of identify for 24 gold pieces
  7108 | D:8      | Reached skill level 6 in Fighting
  7484 | D:8      | Noticed lotum's ghost (novice FoFi)
  7489 | D:8      | Found a runed translucent door.
  7781 | D:9      | Reached skill level 6 in Transmutations
  7781 | D:9      | Reached skill level 6 in Invocations
  7790 | D:9      | Reached skill level 8 in Dodging
  7830 | D:9      | Reached *** piety under Cheibriados
  8027 | D:9      | Noticed Grum
  8037 | D:9      | Killed Grum
  8304 | D:9      | Reached **** piety under Cheibriados
  8874 | D:10     | Entered Level 10 of the Dungeon
  8886 | D:10     | Reached skill level 6 in Short Blades
  8886 | D:10     | Reached skill level 6 in Long Blades
  8886 | D:10     | Reached skill level 6 in Axes
  8886 | D:10     | Reached skill level 6 in Maces & Flails
  8886 | D:10     | Reached skill level 6 in Polearms
  8886 | D:10     | Reached skill level 6 in Staves
  8886 | D:10     | Reached skill level 6 in Ranged Weapons
  8886 | D:10     | Reached skill level 6 in Throwing
  8886 | D:10     | Reached skill level 6 in Armour
  8886 | D:10     | Reached skill level 6 in Stealth
  8886 | D:10     | Reached skill level 6 in Shields
  8886 | D:10     | Reached skill level 9 in Unarmed Combat
  8886 | D:10     | Reached skill level 6 in Evocations
  8948 | D:10     | Reached skill level 5 in Conjurations
  8948 | D:10     | Reached skill level 5 in Hexes
  8948 | D:10     | Reached skill level 5 in Summonings
  8948 | D:10     | Reached skill level 5 in Necromancy
  8948 | D:10     | Reached skill level 5 in Translocations
  8948 | D:10     | Reached skill level 5 in Fire Magic
  8948 | D:10     | Reached skill level 5 in Ice Magic
  8948 | D:10     | Reached skill level 5 in Air Magic
  8948 | D:10     | Reached skill level 5 in Earth Magic
  8948 | D:10     | Reached skill level 5 in Poison Magic
  8949 | D:10     | Reached XP level 11. HP: 83/83 MP: 22/22
  9007 | D:10     | Reached skill level 8 in Spellcasting
  9067 | D:10     | Reached skill level 9 in Dodging
  9076 | D:10     | Noticed Josephine
  9091 | D:10     | Killed Josephine
  9168 | D:10     | Reached skill level 7 in Invocations
  9265 | D:10     | Reached skill level 7 in Fighting
  9281 | D:10     | Found Hoygikidgh's Antique Armour Shoppe.
  9663 | D:11     | Reached ***** piety under Cheibriados
  9724 | D:11     | Noticed a two-headed ogre
  9736 | D:11     | Killed a two-headed ogre
  9824 | D:11     | Found a staircase to the Lair.
 10041 | D:11     | Noticed Nergalle
 10048 | D:11     | Killed Nergalle
 10351 | D:11     | Noticed a centaur warrior
 10368 | D:11     | Killed a centaur warrior
 10373 | D:11     | Reached skill level 7 in Transmutations
 10374 | D:11     | Reached skill level 10 in Dodging
 10461 | D:11     | Noticed a manticore
 10467 | D:11     | Killed a manticore
 10468 | D:11     | Reached skill level 7 in Short Blades
 10468 | D:11     | Reached skill level 7 in Long Blades
 10468 | D:11     | Reached skill level 7 in Axes
 10468 | D:11     | Reached skill level 7 in Maces & Flails
 10468 | D:11     | Reached skill level 7 in Polearms
 10468 | D:11     | Reached skill level 7 in Staves
 10468 | D:11     | Reached skill level 7 in Ranged Weapons
 10468 | D:11     | Reached skill level 7 in Throwing
 10468 | D:11     | Reached skill level 7 in Armour
 10468 | D:11     | Reached skill level 7 in Stealth
 10468 | D:11     | Reached skill level 7 in Shields
 10468 | D:11     | Reached skill level 7 in Evocations
 11068 | D:12     | Reached XP level 12. HP: 38/91 MP: 24/24
 11072 | D:12     | HP: 27/109 [something (7)]
 11080 | D:12     | HP: 16/108 [something (3)]
 11085 | D:12     | HP: 5/108 [something (5)]
 11094 | D:12     | Killed from afar by an orc priest

Illustrated notes

Levels and vault maps discovered:
D:1:      zaba_arrival_water, layout_rooms, ebering_ecumenical_altar_mist
D:2:      layout_rooms, uniq_crazy_yiuf_cottage
D:3:      minmay_chambers_of_threes, layout_rooms, kennysheep_generic_room_11
D:4:      layout_cave_pools, minmay_vboxes, uniq_robin
D:5:      layout_basic, nicolae_ru_awakened_eye,
          minmay_temple_entry_stoned_glass,
          hangedman_abyss_or_decor_lesser_grid, cheibrodos_gnoll_hut
D:6:      layout_loops_ring, gammafunk_temple_overflow_elements, serial_shops,
          nicolae_stop_n_shop_2, nicolae_water_bricks, minmay_manual_mullet,
          uniq_pikel
D:7:      layout_basic, uniq_menkaure
D:8:      layout_rooms, hellmonk_ghost_happy_afterlife, serial_shops,
          nicolae_shop_stone, uniq_maurice
D:9:      layout_long_grid, uniq_grum
D:10:     layout_basic, serial_shops, shop, uniq_josephine
D:11:     layout_grid_maze, lair_entry_dummy, uniq_nergalle
D:12:     layout_basic, hiddenorc2_lemuel, the_hattery
Temple:   hellmonk_temple_divided_pantheon

Skill      XL: |  1  2  3  4  5  6  7  8  9 10 11 |
---------------+----------------------------------+-----
Spellcasting   | 5 6 7 8 |  8.8
Invocations    | 1 2 3 4 5 6 7 |  7.8
Short Blades   | 1 2 3 5 6 7 |  7.1
Long Blades    | 1 2 3 5 6 7 |  7.1
Axes           | 1 2 3 5 6 7 |  7.1
Maces & Flails | 1 2 3 5 6 7 |  7.1
Polearms       | 1 2 3 5 6 7 |  7.1
Staves         | 1 2 3 5 6 7 |  7.1
Ranged Weapons | 1 2 3 5 6 7 |  7.1
Throwing       | 1 2 3 5 6 7 |  7.1
Armour         | 1 2 3 5 6 7 |  7.1
Stealth        | 1 2 3 5 6 7 |  7.1
Shields        | 1 2 3 5 6 7 |  7.1
Evocations     | 1 2 3 5 6 7 |  7.1
Conjurations   | 1 2 3 4 5 |  5.9
Hexes          | 1 2 3 4 5 |  5.9
Summonings     | 1 2 3 4 5 |  5.9
Necromancy     | 1 2 3 4 5 |  5.9
Translocations | 1 2 3 4 5 |  5.9
Fire Magic     | 1 2 3 4 5 |  5.9
Ice Magic      | 1 2 3 4 5 |  5.9
Air Magic      | 1 2 3 4 5 |  5.9
Earth Magic    | 1 2 3 4 5 |  5.9
Poison Magic   | 1 2 3 4 5 |  5.9
Fighting       | 3 4 5 6 7 |  7.6
Transmutations | 4 5 6 7 |  7.1
Dodging        | 5 6 7 8 10 | 10.2
Unarmed Combat | 7 8 9 |  9.7

Action                   |  1- 3 |  4- 6 |  7- 9 | 10-12 || total
-------------------------+-------+-------+-------+-------++-------
Melee: Unarmed           |    57 |    77 |   166 |   286 ||   586
       Headbutt          |     8 |     4 |     1 |       ||    13
       Bite              |     4 |     5 |     2 |     2 ||    13
       Kick              |     7 |     7 |     1 |       ||    15
       Whip              |    13 |    85 |    30 |    29 ||   157
       Punch             |       |       |     2 |     1 ||     3
Throw: Stone             |    20 |    42 |    18 |     3 ||    83
       Dart              |       |       |     5 |    13 ||    18
 Cast: Beastly Appendage |    11 |    13 |     2 |       ||    26
       Wereblood         |     3 |    11 |    14 |     6 ||    34
       Spider Form       |       |     8 |    16 |     8 ||    32
       Ice Form          |       |       |     9 |    28 ||    37
 Abil: End Transformatio |     2 |     3 |    15 |    29 ||    49
Evoke: Wand              |       |       |     6 |       ||     6
  Use: Scroll            |       |    11 |     2 |     9 ||    22
       Potion            |       |       |     3 |     1 ||     4
 Stab: Sleeping          |       |     4 |     2 |     2 ||     8
       Distracted        |       |       |       |     1 ||     1
Armor: Robe              |    13 |    20 |     7 |     3 ||    43
       Skin              |       |    10 |    31 |    58 ||    99
       Troll leather arm |       |       |       |     9 ||     9
Dodge: Dodged            |    44 |   148 |   173 |   399 ||   764
Block: Buckler           |       |       |       |    20 ||    20

Table legend: (Time is in decaauts)
 A = Elapsed time spent in this place.
 B = Non-inter-level travel time spent in this place.
 C = Inter-level travel time spent in this place.
 D = Time resting spent in this place.
 E = Time spent auto-exploring this place.
 F = Levels seen in this place.
 G = Mean time per level.
                   A        B        C        D        E       F      G
               +--------+--------+--------+--------+--------+-----+--------+
         Total |  13736 |  13306 |    430 |   1156 |   9978 |  13 | 1056.6 |
       Dungeon |  13613 |  13192 |    421 |   1156 |   9900 |  12 | 1134.4 |
        Temple |    122 |    114 |      8 |      0 |     78 |   1 |  122.0 |
               +--------+--------+--------+--------+--------+-----+--------+

Top non-repeatable levels by time:
    D:11: 2365 daAuts
     D:6: 2044 daAuts
     D:7: 1375 daAuts
     D:9: 1374 daAuts
     D:8: 1269 daAuts
    D:10: 1001 daAuts
     D:5: 937 daAuts
     D:3: 915 daAuts
     D:2: 792 daAuts
     D:1: 775 daAuts
     D:4: 675 daAuts
  Temple: 122 daAuts
    D:12: 86 daAuts

Table legend:
 A = Kills in this place as a percentage of kills in entire the game.
 B = Kills by you in this place as a percentage of kills by you in the entire game.
 C = Kills by friends in this place as a percentage of kills by friends in the entire game.
 D = Other kills in this place as a percentage of other kills in the entire game.
 E = Experience gained in this place as a percentage of experience gained in the entire game.
 F = Experience gained in this place divided by the number of levels of this place that you have seen.
                   A       B       C       D       E      F
               +-------+-------+-------+-------+-------+----------------------
         Total | 100.0 | 100.0 |   N/A |   N/A | 100.0 | 1450.4
       Dungeon | 100.0 | 100.0 |   N/A |   N/A | 100.0 | 1571.2
               +-------+-------+-------+-------+-------+----------------------
